 Dungeon Crawl Stone Soup version 0.31-a0-845-g9abc20d24f (webtiles) character file.

Game seed: 14882892288419811186

6675 Kurtz the Cleaver (level 11, -1/77 HPs)
             Began as an Octopode Fighter on Oct 1, 2023.
             Was an Initiate of Gozag.
             Slain by a shadow (29 damage)
             ... on level 10 of the Dungeon.
             The game lasted 00:12:58 (12123 turns).

Kurtz the Cleaver (Octopode Fighter)               Turns: 12123, Time: 00:12:58

Health: -1/77      AC:  6    Str: 15    XL:     11   Next: 3%
Magic:  11/11      EV: 17    Int: 12    God:    Gozag
Gold:   27         SH: 13    Dex: 18    Spells: 10/10 levels left

rFire   . . .        D - +3 war axe
rCold   . . .        w - +2 buckler of Plasticity {Will+}
rNeg    + . .        I - +1 hat
rPois   .            A - amulet "Umarraat" {Reflect rN+ Regen+ Dex+3 SH+5}
rElec   .            C - +4 ring of protection
rCorr   .            (no ring)
SInv    .            (no ring)
Will    +....        (no ring)
Stlth   +++          (no ring)
HPRegen 1.12/turn    (no ring)
MPRegen 0.12/turn    (no ring)
                     (no ring)

%: reflection
@: mighty, gold aura
A: almost no armour, amphibious, 8 rings, camouflage 1, gelatinous body 1,
(nimble swimmer 1), tentacles
a: Renounce Religion, Potion Petition, Call Merchant, Bribe Branch


You were on level 10 of the Dungeon.
You worshipped Gozag.
Gozag was noncommittal.
You visited 2 branches of the dungeon, and saw 11 of its levels.

You collected 1420 gold pieces.
You spent 1315 gold pieces at shops.
You paid 78 gold pieces to Gozag.

Inventory:

Hand Weapons
 a - a +0 war axe
 u - a +2 hand axe of electrocution
 z - a +0 whip of electrocution
 D - a +3 war axe (weapon)
 F - the +8 morningstar of Bogurghuci {freeze, rCorr Str+2 Int+8 Dex-4}
   (You bought it in a shop on level 8 of the Dungeon)

   Str+2:     It affects your strength (+2).
   Int+8:     It affects your intelligence (+8).
   Dex-4:     It affects your dexterity (-4).
   rCorr:     It protects you from acid and corrosion.
Missiles
 j - 20 poisoned darts (quivered)
 s - 5 boomerangs
 y - a curare-tipped dart
 B - 2 throwing nets
Armour
 b - a +0 buckler
 w - the +2 buckler of Plasticity (worn) {Will+}
   (You bought it in a shop on level 1 of the Dungeon)

   Will+:     It increases your willpower.
 I - a +1 hat (worn)
Jewellery
 A - the amulet "Umarraat" (around mantle) {Reflect rN+ Regen+ Dex+3 SH+5}
   (You bought it in a shop on level 8 of the Dungeon)

   [amulet of reflection]

   Reflect:   It reflects blocked missile attacks.
   Dex+3:     It affects your dexterity (+3).
   rN+:       It protects you from negative energy.
   Regen+:    It increases your rate of health regeneration.
   SH+5:      It affects your SH (+5).
 C - a +4 ring of protection (left tentacle)
Wands
 p - a wand of light (3)
Scrolls
 e - 5 scrolls of identify {unknown}
 g - a scroll of enchant armour {unknown}
 h - 3 scrolls of immolation {unknown}
 k - a scroll of blinking {unknown}
 l - 2 scrolls of silence {unknown}
 n - 2 scrolls of vulnerability {unknown}
 o - 6 scrolls of teleportation {unknown}
 t - a scroll of amnesia {unknown}
 v - 3 scrolls of brand weapon {unknown}
 x - a scroll of revelation {unknown}
Potions
 d - 3 potions of curing
 f - a potion of magic {unknown}
 i - 5 potions of degeneration
 m - 2 potions of resistance {unknown}
 q - 2 potions of mutation {unknown}
 r - 3 potions of enlightenment {unknown}
 G - a potion of attraction {unknown}
 H - a potion of lignification {unknown}


   Skills:
 - Level 7.9 Fighting
 * Level 12.2 Axes
 - Level 7.2 Dodging
 - Level 6.2 Shields


You had 10 spell levels left.
You didn't know any spells.
Your spell library contained the following spells:

 Spells                   Type           Power      Damage    Failure   Level
 Apportation              Tloc           0%         N/A       38%         1
 Necrotise                Necr           0%         1d4       38%         1
 Sting                    Tmut/Pois      0%         1d3       38%         1
 Summon Small Mammal      Summ           0%         N/A       38%         1
 Blink                    Tloc           0%         N/A       54%         2
 Cigotuvi's Dreadful Rot  Necr/Pois/Air  0%         N/A       54%         2
 Ensorcelled Hibernation  Hex/Ice        0%         N/A       54%         2
 Lesser Beckoning         Tloc           0%         N/A       54%         2
 Momentum Strike          Conj/Tloc      0%         3d8       54%         2
 Passwall                 Tmut/Erth      0%         N/A       54%         2
 Poisonous Vapours        Pois/Air       0%         N/A       54%         2
 Dazzling Flash           Conj/Hex       0%         N/A       77%         3
 Ozocubu's Armour         Ice            0%         N/A       77%         3
 Swiftness                Air            0%         N/A       77%         3
 Volatile Blastmotes      Fire/Tloc      0%         2d10      77%         3
 Dispel Undead            Necr           0%         3d6       99%         4
 Olgreb's Toxic Radiance  Pois           0%         N/A       99%         4
 Vhi's Electric Charge    Tloc/Air       0%         N/A       99%         4
 Arcjolt                  Conj/Air       0%         1d10      100%        5
 Death Channel            Necr           0%         N/A       100%        6
 Plasma Beam              Fire/Air       0%         2x1d10    100%        6
 Starburst                Conj/Fire      0%         6d3       100%        6
 Ozocubu's Refrigeration  Ice            0%         4d7       100%        7
 Maxwell's Capacitive Co  Air            0%         ∞         100%        8


Dungeon Overview and Level Annotations

Branches:
Dungeon (10/15)            Temple (1/1) D:5
   Lair: D:8-11         Orc: D:9-12

Altars:
Ashenzari
Cheibriados
Dithmenos
Elyvilon
Fedhas
Gozag
Hepliaklqana
Kikubaaqudgha
Makhleb
Nemelex Xobeh
Okawaru
Qazlal
Ru
Sif Muna
Trog
Uskayaw
Vehumet
Wu Jian
Xom
Yredelemnul
Zin
The Shining One

Shops:
D:1 [   D:8 [[!(=   D:10 (

Annotations:
D:3 3 runed translucent doors, randomguy2701's ghost, amateur GnWn
D:5 2 runed translucent doors, IYTBazzie's ghost, novice DsNe
D:6 exclusion: downstairs
D:7 3 runed translucent doors, Kurtz's ghost, novice OpFi
D:9 3 runed translucent doors, TheSexyCheese's ghost, novice GrFE


Innate Abilities, Weirdness & Mutations

You cannot wear most types of armour.
You are amphibious.
You can wear up to eight rings at the same time.
Your skin changes colour to match your surroundings (Stealth+).
Your rubbery body absorbs attacks. (AC +1, EV +1)
((You are camouflaged when in or above water. (Stealth+)))
You have tentacles for arms and can constrict up to eight enemies at once.


Message History

The rime drake is distracted by your dazzling golden aura.
The rime drake hisses angrily.
The wolf bites you. You block the wolf's attack.
You hit the wolf. You grab the wolf.
The wolf is heavily wounded.
You constrict the wolf. The wolf barely misses you. The wolf bites you!
Unknown command.
Okay, then.
You feel very mighty all of a sudden.
You constrict the wolf. The wolf barely misses you.
You completely miss the wolf. You squeeze the wolf!
The wolf is almost dead.
You closely miss the ice beast. You constrict the wolf.
You kill the wolf!
The rime drake is no longer distracted by gold.
You block the ice beast's attack. The rime drake breathes ice at you.
The icy flash freeze hits something!
You hear an angry growl.
You slash the ice beast!
The ice beast is heavily wounded.
You barely miss something.
The shadow strikes at you from the darkness!
Reactivating autopickup.
The ice beast hits you. The ice beast freezes you.
Unknown command.
You barely miss the shadow. Your squeeze misses the shadow.
The shadow is moderately damaged.
You hit the ice beast.
The shadow slips into darkness.
The shadow flickers and vanishes!
Deactivating autopickup; reactivate with Ctrl-A.
The rime drake breathes ice at you.
The icy flash freeze hits something but does no damage.
You block the ice beast's attack.
You hit something. You hit the ice beast.
The shadow strikes at you from the darkness!
You die...
Your body crumbles into a pile of gold.

###
.................####
#.................####
...##....#.#..........#
.#. .......#..........#
.................#
####..............#
..................#
#...>.#..........#
.#.#....Y@........#
.....##.{##########
#.#..##..# ...~..#k.#
.....#"T## ~.....#.#
........# .#.#...(#
#.......


You could see a troll, a rime drake and an ice beast.

Vanquished Creatures
  A centaur warrior (D:8)
  A kobold demonologist (D:10)
  A troll (D:9)
  2 hornets (D:7)
  A wraith (D:9)
  4 yaks
  2 wyverns
  A steam dragon (D:7)
  A water moccasin (D:7)
  2 sky beasts (D:7)
  An orc warrior (D:7)
  A black bear (D:7)
  An ice beast (D:10)
  2 wolves (D:10)
  2 centaurs
  2 phantoms
  3 kobold brigands
  Blork the orc (D:6)
  3 bullfrogs (D:7)
  2 scorpions
  7 wights
  8 killer bees
  6 electric eels (D:8)
  10 howler monkeys
  4 jellies
  5 orc priests
  3 hounds
  2 gnoll boudas
  A sleepcap (D:6)
  Ijyb (D:3)
  Terence (D:3)
  7 iguanas
  4 orc wizards
  9 gnolls
  7 adders
  5 shadow imps
  5 white imps
  An ufetubus (D:6)
  A worm (D:2)
  3 dart slugs
  36 orcs
  8 ball pythons
  7 endoplasms
  2 giant cockroaches
  7 goblins
  5 hobgoblins
  6 jackals
  14 kobolds
  2 quokkas
  5 bats
  6 rats
222 creatures vanquished.

Vanquished Creatures (others)
  An orc priest (D:7)
1 creature vanquished.

Grand Total: 223 creatures vanquished

Notes
Turn   | Place    | Note
-------+----------+-------------------------------------------
     0 | D:1      | Kurtz the Octopode Fighter began the quest for the Orb.
     0 | D:1      | Reached XP level 1. HP: 16/16 MP: 1/1
    35 | D:1      | Found Ikuzam's Armour Shop.
   512 | D:1      | Reached XP level 2. HP: 21/21 MP: 2/2
   863 | D:1      | Reached skill level 3 in Axes
  1391 | D:2      | Reached XP level 3. HP: 26/26 MP: 3/3
  1773 | D:2      | Reached skill level 4 in Axes
  1989 | D:2      | Reached XP level 4. HP: 27/31 MP: 4/4
  2309 | D:2      | Found a basalt altar of Yredelemnul.
  2448 | D:2      | Identified the +0 ring mail of Suixkued {Rampage Dex+3}
  2586 | D:3      | Noticed Ijyb
  2587 | D:3      | Found a runed translucent gate.
  2587 | D:3      | Found a runed translucent gate.
  2587 | D:3      | Found a runed translucent gate.
  2593 | D:3      | Killed Ijyb
  2615 | D:3      | Reached skill level 5 in Axes
  2615 | D:3      | Reached XP level 5. HP: 30/36 MP: 5/5
  2666 | D:3      | Noticed randomguy2701's ghost (amateur GnWn)
  2666 | D:3      | Noticed a black bear
  3195 | D:3      | Noticed Terence
  3205 | D:3      | Killed Terence
  3752 | D:4      | Found a radiant altar of Vehumet.
  3759 | D:4      | Found a hazy altar of Hepliaklqana.
  3763 | D:4      | Reached skill level 6 in Axes
  3764 | D:4      | Reached XP level 6. HP: 42/42 MP: 6/6
  4115 | D:5      | Entered Level 5 of the Dungeon
  4168 | D:5      | Found a runed translucent door.
  4289 | D:5      | Noticed IYTBazzie's ghost (novice DsNe)
  4360 | D:5      | Found an ornate altar of the Wu Jian Council.
  4394 | D:5      | Reached skill level 7 in Axes
  4447 | D:5      | Reached XP level 7. HP: 23/46 MP: 7/7
  4752 | D:5      | Found a glowing golden altar of the Shining One.
  4787 | D:5      | Found a staircase to the Ecumenical Temple.
  4793 | Temple   | Entered the Ecumenical Temple
  4812 | Temple   | Became a worshipper of Gozag Ym Sagoz the Greedy
  4965 | D:5      | Found a runed translucent door.
  5079 | D:6      | Noticed Blork the orc
  5082 | D:6      | Killed Blork the orc
  5396 | D:5      | Reached XP level 8. HP: 26/54 MP: 8/8
  6096 | D:6      | Found a basalt altar of Yredelemnul.
  6101 | D:6      | Reached skill level 5 in Fighting
  6454 | D:6      | Found a shimmering altar of Xom.
  6458 | D:6      | Noticed an angel
  6503 | D:6      | Found a glowing silver altar of Zin.
  7212 | D:1      | Bought the +2 buckler of Plasticity {Will+} for 379 gold
                  | pieces
  7431 | D:7      | Reached skill level 5 in Dodging
  7552 | D:7      | Reached skill level 5 in Shields
  7569 | D:7      | Reached XP level 9. HP: 23/62 MP: 9/9
  7589 | D:7      | Noticed a hornet
  7896 | D:7      | Killed a hornet
  8604 | D:7      | Noticed a hornet
  8612 | D:7      | Killed a hornet
  8750 | D:7      | Identified the +6 chain mail of the Feral God {rF+ Int+2}
  8750 | D:7      | Noticed Kurtz's ghost (novice OpFi)
  8751 | D:7      | Found a runed translucent gate.
  8752 | D:7      | Found a runed translucent gate.
  8754 | D:7      | Found a runed translucent gate.
  9175 | D:8      | Reached skill level 8 in Axes
  9180 | D:8      | Reached XP level 10. HP: 49/72 MP: 10/10
  9273 | D:8      | Found Nymusohi's Antique Weapon Emporium.
  9281 | D:8      | Bought a crude morningstar for 198 gold pieces
  9281 | D:8      | Identified the +8 morningstar of Bogurghuci {freeze, rCorr
                  | Str+2 Int+8 Dex-4} (You bought it in a shop on level 8 of
                  | the Dungeon)
  9377 | D:8      | Found an iron altar of Okawaru.
  9560 | D:8      | Found Zoerr's Distillery.
  9568 | D:8      | Bought a potion of heal wounds for 70 gold pieces
  9568 | D:8      | Bought a potion of berserk rage for 70 gold pieces
  9568 | D:8      | Bought 2 potions of degeneration for 28 gold pieces
  9609 | D:8      | Found a sparkling altar of Nemelex Xobeh.
  9759 | D:8      | Reached skill level 9 in Axes
 10018 | D:8      | Found Oteg's Armour Shoppe.
 10019 | D:8      | Found Paimaisaipt's Antique Armour Shop.
 10038 | D:8      | Found a blossoming altar of Fedhas.
 10145 | D:8      | Noticed a centaur warrior
 10570 | D:8      | Killed a centaur warrior
 10571 | D:8      | Reached skill level 10 in Axes
 10778 | D:8      | Found Kianem's Jewellery Shoppe.
 11152 | D:9      | Reached skill level 11 in Axes
 11349 | D:9      | Found a runed translucent gate.
 11349 | D:9      | Found a runed translucent gate.
 11349 | D:9      | Found a runed translucent gate.
 11753 | D:9      | Noticed TheSexyCheese's ghost (novice GrFE)
 11824 | D:10     | Entered Level 10 of the Dungeon
 11824 | D:10     | Found Todots's Antique Weapon Boutique.
 11866 | D:10     | Noticed a kobold demonologist
 11871 | D:10     | Killed a kobold demonologist
 11873 | D:10     | Reached skill level 12 in Axes
 11938 | D:8      | Bought the amulet "Umarraat" {Reflect rN+ Regen+ Dex+3
                  | SH+5} for 570 gold pieces
 12099 | D:10     | Reached XP level 11. HP: 77/77 MP: 11/11
 12123 | D:10     | Slain by a shadow

Illustrated notes

Levels and vault maps discovered:
D:1:      wander_arrival_estate, layout_basic, serial_shops,
          nicolae_shop_competitors_out_of_business,
          ebering_dispersal_statue_hall
D:2:      minmay_chambers_of_twos, layout_basic, basic_altar
D:3:      layout_basic, gammafunk_ghost_split, uniq_ijyb, uniq_terence
D:4:      layout_basic, grunt_temple_overflow_open
D:5:      layout_loops_ring, lemuel_doored_altar, nicolae_wu_jian_wuxing_cycle,
          temple_doors_cd, ebering_ghost_sewer_f, hangedman_decor_opposing
D:6:      minmay_evil_eye, layout_basic,
          grunt_temple_overflow_order_and_chaos_1, mainiacjoe_overflow_alcove_4,
          serial_demonic, serial_demonic_g, serial_demonic_c, serial_demonic_c,
          serial_demonic_g, serial_demonic_f, serial_demonic_f,
          serial_demonic_g, serial_demonic_d, kennysheep_nub, hex_tiny,
          uniq_blork_the_orc
D:7:      layout_loops_cross, biasface_ghost_orc_armoury, serial_aquarium,
          aquarium_bridge_square [aquarium_subvault_bridge,
          aquarium_subvault_bridge, aquarium_subvault_window,
          aquarium_subvault_bridge], aquarium_window_2, aquarium_window_fake,
          aquarium_window_2, aquarium_window_1, aquarium_view_2e,
          aquarium_balcony_3a, aquarium_pool_2,
          minmay_fractal_squares_diagonal_5
D:8:      cheibrodos_two_vegetables, layout_cave_pools, fedhas_altar_3,
          lemuel_coloured_pillars_altar, nemelex_spade_bored_becter,
          serial_shops, nicolae_shop_just_a_little_nook, shop,
          nicolae_shop_stone, shop, nicolae_shop_stone
D:9:      layout_loops_corners, gammafunk_ghost_icy, evilmike_butchery
D:10:     layout_rooms, hellmonk_lair_entry_icy, orc_0_dummy, serial_shops,
          shop, uniq_harold
Temple:   hc_temple_tempest_star

Skill      XL: |  1  2  3  4  5  6  7  8  9 10 |
---------------+-------------------------------+-----
Axes           | 3 4 5 6 7 8 12 | 12.2
Fighting       | 4 6 7 |  7.9
Dodging        | 4 5 7 |  7.2
Shields        | 5 6 |  6.2

Action                     |  1- 3 |  4- 6 |  7- 9 | 10-12 || total
---------------------------+-------+-------+-------+-------++-------
  Melee: War axe           |    61 |   114 |    29 |   136 ||   340
         Constrict         |    14 |    25 |    52 |    21 ||   112
         Tentacles         |    10 |    25 |    57 |    36 ||   128
         Punch             |     1 |     2 |     1 |       ||     4
         Hand axe          |       |       |   161 |       ||   161
  Throw: Dart              |       |       |     7 |     4 ||    11
  Evoke: Wand              |       |     6 |    21 |    12 ||    39
    Use: Potion            |       |     2 |     2 |     3 ||     7
   Stab: Sleeping          |     9 |     9 |     1 |     4 ||    23
         Invisible         |       |       |     2 |       ||     2
         Distracted        |       |       |     1 |     3 ||     4
 Armour: Skin              |    32 |    46 |    69 |    73 ||   220
  Dodge: Dodged            |    33 |    49 |    97 |    63 ||   242
  Block: Buckler           |    17 |    24 |    38 |    54 ||   133

Table legend: (Time is in decaauts)
 A = Elapsed time spent in this place.
 B = Non-inter-level travel time spent in this place.
 C = Inter-level travel time spent in this place.
 D = Time resting spent in this place.
 E = Time spent auto-exploring this place.
 F = Levels seen in this place.
 G = Mean time per level.
                   A        B        C        D        E       F      G
               +--------+--------+--------+--------+--------+-----+--------+
         Total |  12207 |  11407 |    800 |   3094 |   6441 |  11 | 1109.7 |
       Dungeon |  12176 |  11389 |    787 |   3094 |   6441 |  10 | 1217.6 |
        Temple |     31 |     19 |     12 |      0 |      0 |   1 |   31.0 |
               +--------+--------+--------+--------+--------+-----+--------+

Top non-repeatable levels by time:
     D:6: 1961 daAuts
     D:8: 1799 daAuts
     D:7: 1487 daAuts
     D:1: 1401 daAuts
     D:5: 1366 daAuts
     D:2: 1244 daAuts
     D:9: 1098 daAuts
     D:3: 1095 daAuts
     D:4: 628 daAuts
    D:10: 92 daAuts
  Temple: 31 daAuts
